 Dungeon Crawl Stone Soup version 0.21.1-1-g345015f (webtiles) character file.

328 olivier the Cudgeler (level 6, -11/61 HPs)
             Began as a Troll Fighter on June 16, 2018.
             Killed by nerve-wracking pain
             ... invoked by Grinder
              (14 damage)
             ... on level 4 of the Dungeon on June 17, 2018.
             The game lasted 00:10:22 (2649 turns).

olivier the Cudgeler (Troll Fighter)                Turns: 2649, Time: 00:10:23

Health: -11/61     AC:  6    Str: 24 (25) XL:     6   Next: 25%
Magic:  5/5        EV:  9    Int:  6      God:    Xom [*.....]
Gold:   254        SH:  9    Dex:  9      Spells: 5/5 levels left

rFire    . . .     SeeInvis .   n - +2 mace (drain)
rCold    . . .     Gourm    +   c - +0 shield
rNeg     . . .     Faith    .   b - +0 robe
rPois    .         Spirit   .   (helmet restricted)
rElec    .         Reflect  .   o - +0 cloak (curse)
rCorr    .         Harm     .   (gloves unavailable)
MR       .....                  (boots unavailable)
Stlth    +.........             (no amulet)
HPRegen  0.60/turn              (no ring)
MPRegen  0.09/turn              (no ring)

@: no status effects
A: large, unfitting armour, claws 3, fast metabolism 3, gourmand, regeneration
1, shaggy fur 1, tough skin 2
a: Renounce Religion


You were on level 4 of the Dungeon.
You worshipped Xom.
You were a special plaything of Xom.
You were not hungry.

You visited 1 branch of the dungeon, and saw 4 of its levels.

You collected 254 gold pieces.

Inventory:

Hand Weapons
 a - a +0 flail
 h - a +3 quarterstaff of chaos
 n - a +2 mace of draining (weapon)
Armour
 b - a +0 robe (worn)
 c - a +0 shield (worn)
 o - a cursed +0 cloak (worn)
Wands
 j - a wand of polymorph (13)
 l - a wand of paralysis (13)
Scrolls
 e - 3 scrolls of remove curse
 g - 7 scrolls of identify {unknown}
 i - a scroll of enchant weapon {unknown}
 m - a scroll of amnesia {unknown}
Potions
 d - 2 potions of might
 k - a potion of resistance
Comestibles
 f - 7 rations


   Skills:
 + Level 3.1 Fighting
 + Level 4.1 Maces & Flails
 + Level 3.2 Dodging
 + Level 3.6 Shields


You had 5 spell levels left.
You didn't know any spells.

Dungeon Overview and Level Annotations

Branches:
Dungeon (4/15)
 Temple: D:4-7

Altars:
Dithmenos
Fedhas
Gozag
Nemelex Xobeh
Ru
Sif Muna
Xom

Annotations:
D:4 Grinder


Innate Abilities, Weirdness & Mutations

You are too large for most types of armour.
You have claws for hands.
Your metabolism is lightning-fast.
You like to eat raw meat.
Your natural rate of healing is unusually fast.
You are covered in fur. (AC +1)
You have very tough skin. (AC +2)


Message History

Pain shoots through your body!
* * * LOW HITPOINT WARNING * * *
You see here a scroll labeled CISUGA GOOH.
An orc comes into view. It is wielding a vampiric falchion.
The orc shouts!
Grinder hits you.
* * * LOW HITPOINT WARNING * * *
You writhe in agony.
* * * LOW HITPOINT WARNING * * *
You see here a scroll labeled CISUGA GOOH.
You completely miss Grinder. Grinder hits you but does no damage.
Grinder barely misses you. The orc barely misses you.
You barely miss Grinder. You block Grinder's attack.
You block the orc's attack.
You hit Grinder.
Grinder is lightly wounded.
Grinder gestures at you. Pain shoots through your body!
You die...
Xom howls with laughter!

##############
#...§.§.5@o..#
#.##########.#
#.# .# #5# .#
#.# .. #.# .#
#)# .# #.# .#
##.#


You could see Grinder and an orc.

Vanquished Creatures
  An ogre (D:4)
  An orc wizard (D:3)
  Crazy Yiuf (D:3)
  Natasha (D:2)
  6 adders
  An ooze (D:3)
  4 worms
  5 dart slugs
  4 leopard geckos
  4 orcs
  3 bats
  A giant cockroach (D:2)
  9 goblins
  12 hobgoblins
  2 quokkas
  A frilled lizard (D:3)
  7 kobolds
  9 rats
72 creatures vanquished.

Notes
Turn   | Place    | Note
-------+----------+-------------------------------------------
     0 | D:1      | olivier the Troll Fighter began the quest for the Orb.
     0 | D:1      | Reached XP level 1. HP: 22/22 MP: 0/0
    78 | D:1      | Reached skill level 2 in Maces & Flails
   114 | D:1      | Reached XP level 2. HP: 29/29 MP: 1/1
   820 | D:2      | Reached XP level 3. HP: 36/36 MP: 2/2
  1108 | D:2      | Found a blossoming altar of Fedhas.
  1186 | D:2      | Reached XP level 4. HP: 44/44 MP: 3/3
  1436 | D:2      | Noticed Natasha
  1443 | D:2      | Killed Natasha
  1443 | D:2      | Reached skill level 3 in Maces & Flails
  1547 | D:2      | Found a sparkling altar of Nemelex Xobeh.
  1551 | D:2      | Found a sacrificial altar of Ru.
  1551 | D:2      | Found a shimmering altar of Xom.
  1551 | D:2      | Found an opulent altar of Gozag.
  1555 | D:2      | Found a deep blue altar of Sif Muna.
  1558 | D:2      | Found a shadowy altar of Dithmenos.
  1596 | D:2      | Became a worshipper of Xom the Begetter of Turbulence
  1773 | D:3      | XOM: harmless Chrm miscast
  1807 | D:3      | XOM: potion effect (heal wounds)
  1829 | D:3      | Reached XP level 5. HP: 40/52 MP: 4/4
  2090 | D:3      | XOM: harmless Erth miscast
  2118 | D:3      | XOM: harmless Necr miscast
  2128 | D:3      | XOM: divination: magic mapping
  2167 | D:3      | XOM: divination: detect items
  2432 | D:3      | Found a runed door.
  2436 | D:3      | Noticed Crazy Yiuf
  2448 | D:3      | Killed Crazy Yiuf
  2615 | D:4      | Noticed Grinder
  2623 | D:4      | Noticed an ogre
  2627 | D:4      | Paralysed by Grinder for 6 turns
  2630 | D:4      | XOM: butterfly on damage
  2630 | D:4      | XOM: smoke on damage
  2636 | D:4      | Killed an ogre
  2636 | D:4      | Reached skill level 4 in Maces & Flails
  2636 | D:4      | Reached XP level 6. HP: 8/61 MP: 5/5
  2641 | D:4      | XOM: noise
  2646 | D:4      | HP: 1/61 [Grinder (5)]
  2649 | D:4      | Killed from afar by Grinder

Skill      XL: |  1  2  3  4  5 |
---------------+----------------+-----
Maces & Flails | 2 3 4 |  4.1
Shields        | 3 |  3.6
Dodging        | 3 |  3.2
Fighting       | 3 |  3.1

Action                   |  1- 3 |  4- 6 || total
-------------------------+-------+-------++-------
Melee: Flail             |   128 |   136 ||   264
       Mace              |       |    63 ||    63
  Use: Scroll            |     1 |       ||     1
       Potion            |       |     3 ||     3
 Stab: Sleeping          |     1 |       ||     1
  Eat: Chunk             |    12 |    11 ||    23
       Ration            |     1 |       ||     1
Armor: Robe              |    42 |    59 ||   101
       Skin              |       |     2 ||     2
Dodge: Dodged            |    47 |    58 ||   105
Block: Shield            |    66 |    95 ||   161
